 Dungeon Sprint DCSS version 0.17-a0-1570-g74b7129 (webtiles) character file.

623 tt080 the Basher (level 7, 0/72 HPs)
             Began as a Deep Dwarf Berserker on July 23, 2015.
             Was a Priest of Trog.
             Slain by Sonja
             ... wielding a +0 short sword of venom
              (1 damage)
             ... in the Dungeon (Sprint I: "Red Sonja").
             The game lasted 00:03:59 (502 turns).

tt080 the Basher (Deep Dwarf Berserker)              Turns: 502, Time: 00:03:59

Health: 0/72       AC:  8    Str: 22    XL:     7   Next: 22%
Magic:  7/7        EV: 14    Int:  7    God:    Trog [***...]
Gold:   255        SH:  0    Dex: 13    Spells: 0 memorised, 6 levels left

rFire  . . .     SeeInvis .     a - +0 mace
rCold  . . .     Clarity  .     k - +0 scale mail
rNeg   . . .     SustAt   .     (no shield)
rPois  .         Gourm    .     (no helmet)
rElec  .         Spirit   .     (no cloak)
rCorr  .         Warding  .     (no gloves)
rMut   .         NoTele   +     (no boots)
MR     +....                    (no amulet)
Stlth  ..........               (no ring)
                                (no ring)

@: lethally poisoned (0 -> -55), very slightly contaminated, non-regenerating,
slowed, very slow, somewhat resistant to hostile enchantments, extremely
unstealthy
A: damage resistance, recharge devices, sense surroundings 1, slow healing 3
a: Device Recharging, Burn Spellbooks, Berserk, Trog's Hand, Renounce Religion


You were in the Dungeon.
You worshipped Trog.
Trog was most pleased with you.
You were hungry.

You visited 1 branch You collected 255 gold pieces.

Inventory:

Hand weapons
 a - a +0 mace (weapon)
Missiles
 d - a curare-tipped needle
Armour
 b - a +0 animal skin
 k - a +0 scale mail (worn)
Magical devices
 c - a wand of heal wounds (0)
Scrolls
 j - a scroll of blinking
Potions
 h - 2 potions of magic
 i - a potion of berserk rage


   Skills:
 + Level 7.3 Fighting
 * Level 10.4 Maces & Flails
 + Level 7.7 Armour
 + Level 7.7 Dodging


You had 6 spell levels left.
You didn't know any spells.

Dungeon Overview and Level Annotations

Branches:
Dungeon (1/1)

Altars:
Cheibriados
Dithmenos
Elyvilon
Fedhas
Gozag
Kikubaaqudgha
Makhleb
Nemelex Xobeh
Okawaru
Qazlal
Ru
Sif Muna
Trog
Vehumet
Xom
Yredelemnul
Zin
The Shining One
Jiyva

Shops:
D ?

Annotations:
D Sonja


Innate Abilities, Weirdness & Mutations

You are resistant to damage.
You can recharge devices by infusing magical energy.
You passively map a small area around you.
You do not heal naturally.


Message History

You are more poisoned.
Evoke which item? (* to show all) (? for menu, Esc to quit)
This wand has no charges.
Unknown command.
Unknown command.
Use which ability? (? or * to list)
You fail to use your ability.
* * * LOW HITPOINT WARNING * * *
You feel extremely sick. Sonja hits you but does no damage.
You are more poisoned.
Sonja closely misses you. Sonja hits you but does no damage.
You are more poisoned.
Sonja completely misses you. Sonja closely misses you. Sonja barely misses you.
You barely miss Sonja.
Sonja is moderately wounded.
* * * LOW HITPOINT WARNING * * *
You feel extremely sick.
Sonja hits you with an uncursed short sword of venom.
You die...

#..').#..').#..'..+
*
#..#####+#####'#__#
, #..### #...#.####
* #..#__####..##)#
, #..#_..__##'#..+
, ,
#⌠⌠#_.∩...'..._#≈
####_..._##_.#+# *
,#_____###K# ,,*
#########@##* + ,
,+$.$+ , * * ++ +
#$.$# , , *##.##*
,, , , * #+# , , ,
, * , + * , ,, , ,
,** * , , ,


You could see Sonja.

Vanquished Creatures
  A slime creature (D)
  Sigmund (D)
  A yak (D)
  An ogre (D)
  Ijyb (D)
  A jelly (D)
6 creatures vanquished.

Notes
Turn   | Place    | Note
--------------------------------------------------------------
     0 | D        | tt080 the Deep Dwarf Berserker began the quest for the Orb.
     0 | D        | Reached XP level 1. HP: 20/20 MP: 1/1
     1 | D        | Noticed Ijyb
     8 | D        | Killed Ijyb
     8 | D        | Reached skill level 4 in Fighting
     8 | D        | Reached XP level 2. HP: 30/30 MP: 2/2
    54 | D        | Noticed an ogre
    58 | D        | Killed an ogre
    58 | D        | Acquired Trog's second power
    58 | D        | Reached skill level 5 in Fighting
    58 | D        | Reached skill level 6 in Maces & Flails
    58 | D        | Reached XP level 3. HP: 14/39 MP: 3/3
    58 | D        | Reached XP level 4. HP: 16/46 MP: 4/4
    67 | D        | Noticed Sigmund
   105 | D        | Killed Sigmund
   105 | D        | Reached skill level 8 in Maces & Flails
   105 | D        | Reached XP level 5. HP: 27/55 MP: 5/5
   105 | D        | Reached XP level 6. HP: 30/62 MP: 6/6
   155 | D        | Found a deep blue altar of Sif Muna.
   156 | D        | Noticed a jelly
   159 | D        | Found a snail-covered altar of Cheibriados.
   159 | D        | Found a viscous altar of Jiyva.
   159 | D        | Found a shadowy altar of Dithmenos.
   159 | D        | Found a blossoming altar of Fedhas.
   159 | D        | Noticed a slime creature
   169 | D        | Killed a slime creature
   169 | D        | Reached skill level 9 in Maces & Flails
   216 | D        | Found a radiant altar of Vehumet.
   219 | D        | Killed a jelly
   238 | D        | Found Onaxt's Magic Scroll Emporium.
   238 | D        | Found a white marble altar of Elyvilon.
   238 | D        | Found a stormy altar of Qazlal.
   238 | D        | Found a burning altar of Makhleb.
   238 | D        | Found a sacrificial altar of Ru.
   238 | D        | Found a basalt altar of Yredelemnul.
   238 | D        | Found a glowing golden altar of the Shining One.
   238 | D        | Found a sparkling altar of Nemelex Xobeh.
   238 | D        | Found a shimmering altar of Xom.
   238 | D        | Found an opulent altar of Gozag.
   238 | D        | Found an ancient bone altar of Kikubaaqudgha.
   238 | D        | Found a glowing silver altar of Zin.
   238 | D        | Noticed a yak
   270 | D        | Killed a yak
   270 | D        | Reached skill level 10 in Maces & Flails
   270 | D        | Reached XP level 7. HP: 29/72 MP: 7/7
   315 | D        | Found an iron altar of Okawaru.
   316 | D        | Found a bloodstained altar of Trog.
   452 | D        | Noticed Sonja
   502 | D        | HP: 1/72 [poisoned by Sonja]
   502 | D        | Slain by Sonja

Vault maps used:
D:        dungeon_sprint_1

Action                   |  1- 3 |  4- 6 |  7- 9 || total
-------------------------+-------+-------+-------++-------
Melee: Mace              |     8 |    32 |     9 ||    49
Invok: Berserk           |     2 |     4 |     1 ||     7
Evoke: Wand              |       |     3 |     2 ||     5
  Use: Potion            |       |     2 |     1 ||     3
  Eat: Bread ration      |       |     1 |       ||     1
       Chunk             |       |     1 |       ||     1
